 Dungeon Crawl Stone Soup version 0.21.0 (webtiles) character file.

317 tidbits the Covert (level 6, 28/28 HPs)
             Began as a Felid Earth Elementalist on Jan 6, 2018.
             Quit the game in an ossuary.
             The game lasted 00:11:50 (1495 turns).

tidbits the Covert (Felid Earth Elementalist)       Turns: 1495, Time: 00:11:50

Health: 28/28      AC:  2    Str:  6    XL:     6   Next: 20%
Magic:  10/10      EV: 18    Int: 16    God:
Gold:   94         SH:  0    Dex: 17    Spells: 6/9 levels left
                                        Lives:  0   Deaths: 2

rFire    . . .     SeeInvis +     - Unarmed
rCold    . . .     Gourm    .   (shield unavailable)
rNeg     . . .     Faith    .   (armour unavailable)
rPois    .         Spirit   .   (helmet unavailable)
rElec    .         Reflect  .   (cloak unavailable)
rCorr    .         Harm     .   (gloves unavailable)
MR       .....                  (boots unavailable)
Stlth    +++++.....             a - amulet of rage
HPRegen  0.09/turn              i - +2 ring of slaying
MPRegen  0.12/turn              W - ring of wizardry

@: quick
A: very small, no armour, no weapons or thrown items, stealth, claws 1, fangs 3,
see invisible, carnivore, speed 1, shaggy fur 2, slow metabolism 1, sharp paws
a: Evoke Berserk Rage


You were in an ossuary.
You were not hungry.

You visited 1 branch of the dungeon, and saw 7 of its levels.
You also visited: Ossuary.

You collected 94 gold pieces.

Inventory:

Missiles
 b - 40 stones
 h - 17 arrows
Jewellery
 a - an amulet of rage (around neck)
   (You found it on level 1 of the Dungeon)
 i - a +2 ring of slaying (left paw)
   (You found it on level 2 of the Dungeon)
 n - an uncursed ring of positive energy
   (You found it on level 6 of the Dungeon)
 W - a ring of wizardry (right paw)
   (You found it on level 2 of the Dungeon)
Wands
 g - a wand of digging (14)
Scrolls
 l - a scroll of teleportation {unknown}
 o - a scroll of noise {unknown}
 p - 2 scrolls of immolation {unknown}
 r - a scroll of remove curse
Potions
 k - a potion of ambrosia
 m - a potion of magic
 q - a potion of flight
Books
 d - a book of Geomancy

   Spells                             Type                      Level
   a - Sandblast                      Earth                        1
   b - Passwall                       Transmutation/Earth          2
   c - Stone Arrow                    Conjuration/Earth            3
   d - Petrify                        Transmutation/Earth          4
   e - Lee's Rapid Deconstruction     Earth                        5
Comestibles
 c - 4 rations


   Skills:
 + Level 3.3 Fighting
 + Level 3.3 Dodging
 + Level 8.8 Stealth
 * Level 5.9 Unarmed Combat
 - Level 2.0 Spellcasting
 - Level 1.1 Transmutations
 - Level 2.6 Earth Magic


You had 6 spell levels left.
You knew the following spells:

 Your Spells              Type           Power        Failure   Level  Hunger
a - Sandblast             Erth           ##....       2%          1    #......
p - Passwall              Tmut/Erth      #.........   6%          2    ###....


Dungeon Overview and Level Annotations

Branches:
Dungeon (7/15)
 Temple: D:4-7

Altars:

Shops:
D:5 (


Innate Abilities, Weirdness & Mutations

You cannot wear armour.
You are incapable of wielding weapons or throwing items.
Your paws allow you to move quietly. (Stealth)
You have sharp claws.
You have razor-sharp teeth.
You have supernaturally acute eyesight. (SInv)
You are carnivorous and can eat meat at any time.
You cover ground quickly.
You are covered in thick fur. (AC +2)
You have a slow metabolism.
Your sharp claws are effective at attacking unaware monsters.


Message History

Confirm with . or Enter, or press ? or * to list all spells.
Aiming: Sandblast
Press: ? - help, Shift-Dir - straight line, f - mummy
Aim: a mummy The blast of sand hits the mummy.
b - 48 stones The mummy closely misses you.
Casting: Sandblast
Confirm with . or Enter, or press ? or * to list all spells.
Aiming: Sandblast
Press: ? - help, Shift-Dir - straight line, f/p - mummy
Aim: a mummy The blast of sand hits the mummy.
The mummy is lightly damaged.
b - 47 stones
Casting: Sandblast
Confirm with . or Enter, or press ? or * to list all spells.
Aiming: Sandblast
Press: ? - help, Shift-Dir - straight line, f/p - mummy
Aim: a mummy (lightly damaged)
The blast of sand hits the mummy.
The mummy is moderately damaged.
b - 46 stones The mummy misses you.
Casting: Sandblast
Confirm with . or Enter, or press ? or * to list all spells.
Aiming: Sandblast
Press: ? - help, Shift-Dir - straight line, f/p - mummy
Aim: a mummy (moderately damaged)
The blast of sand hits the mummy.
The mummy is moderately damaged.
b - 45 stones The orc zombie completely misses you.
Casting: Sandblast
Confirm with . or Enter, or press ? or * to list all spells.
Aiming: Sandblast
Press: ? - help, Shift-Dir - straight line, f/p - mummy
Aim: a mummy (moderately damaged)
The blast of sand hits the mummy.
The mummy is moderately damaged.
b - 44 stones The mummy barely misses you.
The orc zombie closely misses you.
Unknown command.
There is an empty arch of ancient stone here.
Casting: Sandblast
Confirm with . or Enter, or press ? or * to list all spells.
Aiming: Sandblast
Press: ? - help, Shift-Dir - straight line, f/p - mummy
Aim: a mummy (moderately damaged)
The blast of sand hits the mummy.
The mummy is heavily damaged.
b - 43 stones
Casting: Sandblast
Confirm with . or Enter, or press ? or * to list all spells.
Aiming: Sandblast
Press: ? - help, Shift-Dir - straight line, f/p - mummy
Aim: a mummy (heavily damaged)
The blast of sand hits the orc zombie.
You destroy the orc zombie!
b - 42 stones
Casting: Sandblast
Confirm with . or Enter, or press ? or * to list all spells.
Aiming: Sandblast
Press: ? - help, Shift-Dir - straight line, f/p - mummy
Aim: a mummy (heavily damaged)
The blast of sand hits the mummy.
The mummy is almost destroyed.
b - 41 stones
Casting: Sandblast
Confirm with . or Enter, or press ? or * to list all spells.
You don't have enough magic to cast that spell.
Wield which item (- for none, * to show all)? (? for menu, Esc to quit)
Your mouth is already empty.
You claw the mummy!
You destroy the mummy!
Casting: Sandblast
Confirm with . or Enter, or press ? or * to list all spells.
Aiming: Sandblast
Press: ? - help, Shift-Dir - straight line, f - mummy
Aim: a mummy The blast of sand hits the mummy.
The mummy is lightly damaged.
b - 40 stones You barely miss the mummy.
The mummy is lightly damaged.
You scratch the mummy.
The mummy is moderately damaged.
The mummy hits you!
You scratch the mummy.
The mummy is heavily damaged.
The mummy hits you!
Ouch! That really hurt!
You die...
You are now level 6!
You rejoin the land of the living...
Found nine items.
Are you sure you want to abandon this character and quit the game? (Confirm with "yes".)
Okay, then.
Unknown command.
Are you sure you want to abandon this character and quit the game? (Confirm with "yes".)

.... ##..## .M.
....##....##...
...............
...............
#..............
#........##+#
##......##..##
##....##....##
#....#...@..#
#....#....?!$#
#....#.....!$#
#....#....!$$#
#....#...!!$##
#....##..!$$#
#.M..##..!$##
#.†∩.###.?$#
######


There were no monsters in sight!

Vanquished Creatures
  Pikel (D:7)
  Duvessa (D:7)
  A sky beast (D:6)
  2 slaves (D:7)
  An elf zombie (D:7)
  Dowan (D:7)
  A bullfrog zombie (D:6)
  A hound (D:7)
  2 human skeletons (D:7)
  4 mummies (Ossuary)
  2 gnolls (D:5)
  An adder (D:7)
  An ooze (D:3)
  A dart slug (D:5)
  An orc (D:5)
  A ball python (D:2)
  3 giant cockroaches
  2 hobgoblins
  3 quokkas
  3 bats
  2 gnoll zombies (Ossuary)
  2 goblins
  2 hobgoblin zombies (Ossuary)
  5 kobolds
  2 kobold zombies (Ossuary)
  An orc skeleton (D:7)
  2 orc zombies (Ossuary)
  A quokka zombie (D:5)
  A rat (D:2)
51 creatures vanquished.

Notes
Turn   | Place    | Note
-------+----------+-------------------------------------------
     0 | D:1      | tidbits the Felid Earth Elementalist began the quest for the Orb.
     0 | D:1      | Reached XP level 1. HP: 7/7 MP: 4/4
    66 | D:1      | Reached skill level 3 in Stealth
   157 | D:1      | Reached skill level 1 in Unarmed Combat
   190 | D:1      | Reached XP level 2. HP: 4/11 MP: 0/6
   194 | D:1      | Learned a level 2 spell: Passwall
   601 | D:5      | Entered Level 5 of the Dungeon
   602 | D:5      | Found Herr's Weapon Emporium.
   635 | D:5      | Reached skill level 4 in Stealth
   635 | D:5      | Reached XP level 3. HP: 11/14 MP: 2/7
   657 | D:5      | Reached skill level 2 in Unarmed Combat
   716 | D:6      | Noticed a sky beast
   726 | D:6      | Killed a sky beast
   726 | D:6      | Reached skill level 5 in Stealth
   726 | D:6      | Reached skill level 3 in Unarmed Combat
   726 | D:6      | Reached XP level 4. HP: 6/18 MP: 1/8
   726 | D:6      | Reached XP level 5. HP: 8/21 MP: 1/9
   880 | D:5      | Reached skill level 6 in Stealth
   935 | D:6      | Noticed a sky beast
   985 | D:7      | Noticed Duvessa
   990 | D:7      | Noticed Dowan
   997 | D:7      | Killed Duvessa
   997 | D:7      | Reached skill level 4 in Unarmed Combat
   997 | D:7      | Gained mutation: You are covered in thick fur. (AC +2) [Felid growth]
   997 | D:7      | Reached XP level 6. HP: 24/24 MP: 10/10
  1002 | D:7      | Noticed a slave
  1003 | D:7      | Killed Dowan
  1003 | D:7      | Reached skill level 7 in Stealth
  1011 | D:7      | Killed a slave
  1019 | D:7      | Noticed Pikel
  1021 | D:7      | Noticed a slave
  1024 | D:7      | Noticed a slave
  1026 | D:7      | Killed a slave
  1033 | D:7      | Noticed a slave
  1033 | D:7      | HP: 1/37 [slave[Pikel] (5)]
  1052 | D:7      | Killed Pikel
  1052 | D:7      | Reached skill level 3 in Fighting
  1052 | D:7      | Reached skill level 8 in Stealth
  1052 | D:7      | Reached skill level 5 in Unarmed Combat
  1052 | D:7      | Reached XP level 7. HP: 19/31 MP: 11/11
  1095 | D:7      | Slain by a centaur
  1096 | D:7      | Reached XP level 6. HP: 0/28 MP: 10/10
  1124 | D:7      | Reached skill level 3 in Dodging
  1124 | D:7      | Reached XP level 7. HP: 24/31 MP: 7/11
  1156 | D:7      | Found a sand-covered staircase.
  1170 | Ossuary  | Entered an ossuary
  1494 | Ossuary  | Slain by a mummy
  1495 | Ossuary  | Reached XP level 6. HP: -1/28 MP: 0/10
  1495 | Ossuary  | Quit the game

Skill      XL: |  1  2  3  4  5  6 |
---------------+-------------------+-----
Stealth        | 3 4 5 6 8 |  8.8
Unarmed Combat | 1 3 4 5 |  5.9
Fighting       | 3 |  3.3
Dodging        | 3 |  3.3
Spellcasting   | |  2.0
Transmutations | |  1.1
Earth Magic    | |  2.6

Action                   |  1- 3 |  4- 6 |  7- 9 || total
-------------------------+-------+-------+-------++-------
Melee: Unarmed           |    14 |    56 |    38 ||   108
       Punch             |     1 |       |       ||     1
       Bite              |       |     1 |     2 ||     3
 Cast: Sandblast         |    29 |    15 |    48 ||    92
       Passwall          |     2 |       |       ||     2
  Use: Potion            |       |     7 |     2 ||     9
       Scroll            |       |       |     3 ||     3
 Stab: Sleeping          |     6 |     4 |       ||    10
  Eat: Chunk             |     4 |       |     8 ||    12
Armor: Skin              |     3 |    32 |     1 ||    36
Dodge: Dodged            |    14 |    20 |    32 ||    66

Table legend:
 A = Turns spent in this place as a percentage of turns spent in the entire game.
 B = Non-inter-level travel turns spent in this place as a percentage of non-inter-level travel turns spent in the entire game.
 C = Inter-level travel turns spent in this place as a percentage of turns spent in this place.
 D = Turns resting spent in this place as a percentage of non-inter-level travel turns spent in this place.
 E = Turns spent auto-exploring this place as a percentage of non-inter-level travel turns spent in this place.
 F = Non-inter-level travel turns spent in this place divided by the number of levels of this place that you've seen.
                   A       B       C       D       E      F
               +-------+-------+-------+-------+-------+----------------------
         Total | 100.0 | 100.0 |   0.0 |   0.9 |   0.0 | 186.9
       Dungeon |  78.3 |  78.3 |   0.0 |   0.5 |   0.0 | 167.1
       Ossuary |  21.7 |  21.7 |   0.0 |   2.5 |   0.0 | 325.0
               +-------+-------+-------+-------+-------+----------------------

Table legend:
 A = Kills in this place as a percentage of kills in entire the game.
 B = Kills by you in this place as a percentage of kills by you in the entire game.
 C = Kills by friends in this place as a percentage of kills by friends in the entire game.
 D = Other kills in this place as a percentage of other kills in the entire game.
 E = Experience gained in this place as a percentage of experience gained in the entire game.
 F = Experience gained in this place divided by the number of levels of this place that you have seen.
                   A       B       C       D       E      F
               +-------+-------+-------+-------+-------+----------------------
         Total | 100.0 | 100.0 |   N/A |   N/A | 100.0 | 183.8
       Dungeon |  75.5 |  75.5 |   N/A |   N/A |  94.5 | 198.4
       Ossuary |  24.5 |  24.5 |   N/A |   N/A |   5.5 |  81.0
               +-------+-------+-------+-------+-------+----------------------

Vault maps used:
D:1:      dpeg_arrival_orchard
D:4:      first_ration, makhleb_heckhound_becter
D:5:      serial_shops, shop_fountains
D:6:      uniq_eustachio
D:7:      nicolae_overflow_quartered_altars, minmay_temple_entry_grid,
          serial_shops, shop, nicolae_ossuary_entry_catacombs, uniq_pikel,
          uniq_duvessa
Ossuary:  ossuary_tomb_3
